 Dungeon Crawl Stone Soup version 0.18-a0-1225-g5d63bca (webtiles) character file.

274 Duffy the Shield-Bearer (level 6, -1/51 HPs)
             Began as a Draconian Fighter on Feb 3, 2016.
             Slain by a quokka (4 damage)
             ... on level 4 of the Dungeon.
             The game lasted 00:02:26 (2795 turns).

Duffy the Shield-Bearer (Draconian Fighter)         Turns: 2795, Time: 00:02:26

Health: -1/51      AC:  7    Str: 19    XL:     6   Next: 3%
Magic:  6/6        EV: 10    Int:  8    God:
Gold:   142        SH: 10    Dex: 12    Spells: 0 memorised, 5 levels left

rFire  . . .     SeeInvis .     a - +0 flail
rCold  . . .     Gourm    .     (armour unavailable)
rNeg   . . .     Faith    .     b - +0 shield
rPois  .         Spirit   .     (helmet restricted)
rElec  .         Dismiss  .     m - +0 cloak
rCorr  .         Reflect  .     (no gloves)
SustAt .         Harm     .     (no boots)
MR     .....                    (no amulet)
Stlth  +.........               (no ring)
                                (no ring)

@: not resistant to hostile enchantments, very unstealthy
A: unfitting armour, cold-blooded, AC +6
a: no special abilities


You were on level 4 of the Dungeon.
You were not hungry.

You visited 1 branch of the dungeon, and saw 4 of its levels.

You collected 142 gold pieces.


Innate Abilities, Weirdness & Mutations

Your plain brown scales are hard (AC +6).
Your body does not fit into most forms of armour.
You are cold-blooded and may be slowed by cold attacks.


   Skills:
 - Level 3.2 Fighting
 + Level 4.5 Maces & Flails
 - Level 2.6 Dodging
 + Level 5.3 Shields


You had 5 spell levels left.
You didn't know any spells.

Inventory:

Hand Weapons
 a - a +0 flail (weapon)
Missiles
 g - 20 poisoned needles
 q - 6 javelins (quivered)
Armour
 b - a +0 shield (worn)
 m - a +0 cloak (worn)
Scrolls
 f - 4 scrolls of identify {unknown}
 i - 2 scrolls of remove curse {unknown}
 j - a scroll of fog {unknown}
 l - a scroll of magic mapping {unknown}
 n - a scroll of enchant armour {unknown}
 p - a scroll of recharging {unknown}
Potions
 c - a potion of might
 e - 4 potions of curing {unknown}
 k - a potion of ambrosia {unknown}
 s - a potion of agility {unknown}
Comestibles
 d - 2 bread rations
 h - 2 meat rations
 o - 4 chunks of flesh
 r - a beef jerky

Dungeon Overview and Level Annotations

Branches:
Dungeon (4/15)
 Temple: D:4-7

Altars:
Gozag
Nemelex Xobeh
Trog

Shops:
D:2 *


Message History

You sock the orc priest!
You kill the orc priest!
You have reached level 6!
Your experience leads to an increase in your attributes!
Increase (S)trength, (I)ntelligence, or (D)exterity?
You feel agile.
Your scales feel tougher.
You block the orc's attack. The orc hits you but does no damage.
You hit the orc.
Your tail-slap misses the orc.
The orc is almost dead.
The orc hits you but does no damage. You block the orc's attack.
You sock the orc!
You kill the orc!
The orc closely misses you.
The quokka bites you but does no damage.
The orc closely misses you.
You hit the orc.
The orc is severely wounded.
You block the quokka's attack. The orc closely misses you.
You sock the orc!
You kill the orc!
You block the quokka's attack.
The quokka bites you but does no damage.
You hit the quokka but do no damage.
You tail-slap the quokka, but do no damage.
The quokka barely misses you.
You miss the quokka.
The quokka bites you but does no damage.
You block the quokka's attack.
You hit the quokka.
The quokka is moderately wounded.
The quokka barely misses you. You block the quokka's attack.
You miss the quokka.
The quokka is moderately wounded.
The quokka bites you.
You die...

# #. .###
..#
###.###%#
......r@#
#########


You could see a quokka.

Action                   |  1- 3 |  4- 6 || total
-------------------------+-------+-------++-------
Melee: Flail             |   111 |    95 ||   206
 Stab: Distracted        |     1 |       ||     1
       Sleeping          |       |     1 ||     1
  Eat: Chunk             |     2 |     4 ||     6

Notes
Turn   | Place    | Note
--------------------------------------------------------------
     0 | D:1      | Duffy the Draconian Fighter began the quest for the Orb.
     0 | D:1      | Reached XP level 1. HP: 19/19 MP: 1/1
   118 | D:1      | Reached XP level 2. HP: 21/26 MP: 2/2
  1193 | D:1      | Reached XP level 3. HP: 22/31 MP: 3/3
  1372 | D:2      | Reached skill level 3 in Maces & Flails
  1530 | D:2      | Noticed Terence
  1543 | D:2      | Killed Terence
  1543 | D:2      | Reached skill level 4 in Shields
  1543 | D:2      | Reached XP level 4. HP: 25/38 MP: 4/4
  2050 | D:2      | Found an opulent altar of Gozag.
  2051 | D:2      | Found Gozag's Platinum Reserve.
  2152 | D:2      | Noticed Jessica
  2155 | D:2      | Killed Jessica
  2183 | D:2      | Noticed Crazy Yiuf
  2189 | D:2      | Killed Crazy Yiuf
  2189 | D:2      | Reached XP level 5. HP: 45/45 MP: 5/5
  2363 | D:2      | Found a sparkling altar of Nemelex Xobeh.
  2363 | D:2      | Found a bloodstained altar of Trog.
  2514 | D:3      | Noticed an ice beast
  2523 | D:3      | Killed an ice beast
  2523 | D:3      | Reached skill level 4 in Maces & Flails
  2523 | D:3      | Reached skill level 5 in Shields
  2787 | D:4      | Reached XP level 6. HP: 1/51 MP: 6/6
  2795 | D:4      | Slain by a quokka

Vault maps used:
D:1:      dpeg_arrival_windows_large_door
D:2:      gammafunk_temple_overflow_elements, nicolae_gozag_zags_fifth_avenue,
          uniq_crazy_yiuf_cottage, uniq_terence, uniq_jessica
D:3:      nicolae_overflow_crystal_walls
D:4:      uniq_natasha

Vanquished Creatures
  An ice beast
  An orc priest Crazy Yiuf Jessica Terence
  3 adders
  An ooze
  3 giant geckos
  2 orcs
  A giant cockroach
  7 goblins
  3 hobgoblins
  4 jackals
  A quokka
  4 bats
  2 giant newts
  6 kobolds
  7 rats
49 creatures vanquished.
